 Dungeon Crawl Stone Soup version 0.19-a0-658-gf2c134a (webtiles) character file.

852 AlphabetPasta the Sneak (level 7, -2/52 HPs)
             Began as a Vampire Gladiator on June 15, 2016.
             Was an Initiate of Ashenzari.
             Killed from afar by an orc wizard (3 damage)
             ... with a puff of flame
             ... on level 5 of the Dungeon.
             The game lasted 00:21:58 (4892 turns).

AlphabetPasta the Sneak (Vampire Gladiator)         Turns: 4892, Time: 00:21:58

Health: -2/52      AC:  7    Str: 14    XL:     7   Next: 69%
Magic:  7/7        EV: 14    Int: 10    God:    Ashenzari [......]
Gold:   24         SH:  0    Dex: 17    Spells: 1 memorised, 1 level left

rFire  + . .     SeeInvis +     a - +0 rapier
rCold  + . .     Gourm    .     b - +0 leather armour
rNeg   + + .     Faith    .     (no shield)
rPois  +         Spirit   .     r - +0 helmet
rElec  .         Dismiss  .     (no cloak)
rCorr  .         Reflect  .     d - +1 pair of gloves
SustAt .         Harm     .     l - +0 pair of boots
MR     .....                    (no amulet)
Stlth  ++++......               q - ring of protection from fire
                                i - ring of wizardry

@: regenerating slowly, not resistant to hostile enchantments, stealthy
A: fangs 3, see invisible, unbreathing
a: Bat Form, Curse Item, Renounce Religion


You were on level 5 of the Dungeon.
You worshipped Ashenzari.
Ashenzari was noncommittal.
You were very thirsty.

You visited 2 branches of the dungeon, and saw 6 of its levels.

You collected 319 gold pieces.
You spent 295 gold pieces at shops.

Inventory:

Hand Weapons
 a - a +0 rapier (weapon)
 m - a +0 dagger
Missiles
 c - 9 tomahawks (quivered)
Armour
 b - a +0 leather armour (worn)
 d - a +1 pair of gloves (worn)
 l - a +0 pair of boots (worn)
 r - a +0 helmet (worn)
Jewellery
 i - a ring of wizardry (left hand)
 q - a ring of protection from fire (right hand)
Scrolls
 g - a scroll of magic mapping {unknown}
 p - a scroll of amnesia
Potions
 e - 12 potions of blood
 f - 2 potions of curing
 h - 2 potions of agility
 j - 2 potions of brilliance
 k - a potion of magic {unknown}
 o - a potion of resistance
 s - a potion of might
 v - a potion of flight
Books
 u - a book of the Sky

   Spells                             Type                      Level
   a - Summon Lightning Spire         Summoning/Air                4
   b - Airstrike                      Air                          4
   c - Silence                        Hexes/Air                    5
   d - Deflect Missiles               Charms/Air                   6
   e - Conjure Ball Lightning         Conjuration/Air              6
   f - Tornado                        Air                          9


   Skills:
 + Level 3.2 Fighting
 * Level 6.1 Short Blades
 + Level 2.9 Throwing
 + Level 4.8 Dodging
 * Level 6.8 Stealth
 + Level 2.3 Hexes


You had one spell level left.
You knew the following spells:

 Your Spells              Type           Power        Failure   Level  Hunger
a - Silence               Hex/Air        #.........   100%        5    ######.


Dungeon Overview and Level Annotations

Branches:
Dungeon (5/15)             Temple (1/1) D:4

Altars:
Ashenzari
Dithmenos
Elyvilon
Hepliaklqana
Makhleb
Nemelex Xobeh
Okawaru
Pakellas
Qazlal
Ru
Sif Muna
Trog
Uskayaw
Vehumet
Xom
Yredelemnul
Zin
The Shining One

Shops:
D:4 !


Innate Abilities, Weirdness & Mutations

You heal slowly.
You have razor-sharp teeth.
You have supernaturally acute eyesight. (SInv)
You can survive without breathing.


Message History

The orc wizard is heavily wounded.
The orc wizard barely misses you.
The orc priest mumbles some strange prayers to Beogh against you.
Beogh smites you!
* * * LOW HITPOINT WARNING * * *
The orc wizard barely misses you.
The orc wizard points at you and mumbles some strange words.
The magic dart hits you!
* * * LOW HITPOINT WARNING * * *
The orc wizard gestures at you while chanting.
The magic dart hits you! The orc wizard hits you with a dagger.
* * * LOW HITPOINT WARNING * * *
The orc throws a tomahawk.
The tomahawk completely misses you. The orc wizard closely misses you.
Found a potion of flight.
You see here a tomahawk.
The orc wizard points at you and mumbles some strange words.
The puff of flame hits you! You resist.
You die...

.# ##...................#
!###.......###...##.###..#
..#..####..# ##.....# #.
#..[## ##.# #.....#
..#..#####.####.###.#
.###.o...(..##o## .# ##
#......#....# . #
##.#..##..oo#####.# #
#.#..#...#..@....#
#..>....##.....!..#
#......###.###......
.......##... .....#
.......#..##. ...## .. ..#
# ...# ##. ..# # ..#


You could see an orc wizard and an orc.

Vanquished Creatures
  A sky beast (D:4)
  A phantom (D:4)
  2 ogres (D:4)
  An orc priest (D:5)
  A centaur skeleton (D:4)
  An iguana (D:4)
  A giant frog skeleton (D:4)
  2 orc wizards
  Natasha (thrice) (D:3)
  2 worker ants (D:4)
  4 gnolls (D:4)
  7 adders
  An ooze (D:2)
  5 worms
  2 giant geckos
  7 orcs
  3 giant cockroaches
  5 goblins
  8 hobgoblins
  12 jackals
  3 quokkas
  2 ball pythons (D:3)
  3 bats
  3 giant newts
  2 kobolds (D:2)
  13 rats
95 creatures vanquished.

Vanquished Creatures (others)
  An orc wizard (D:4)
  An orc (D:4)
2 creatures vanquished.

Grand Total: 97 creatures vanquished

Notes
Turn   | Place    | Note
--------------------------------------------------------------
     0 | D:1      | AlphabetPasta the Vampire Gladiator began the quest for the Orb.
     0 | D:1      | Reached XP level 1. HP: 16/16 MP: 1/1
    21 | D:1      | Noticed an electric eel
   509 | D:1      | Reached skill level 1 in Stealth
   514 | D:1      | Reached XP level 2. HP: 16/22 MP: 2/2
  1179 | D:2      | Reached XP level 3. HP: 26/27 MP: 3/3
  1982 | D:3      | Reached XP level 4. HP: 33/33 MP: 4/4
  2070 | D:3      | Noticed a water moccasin
  2070 | D:3      | Noticed a gnoll sergeant
  2229 | D:3      | Noticed Natasha
  2274 | D:3      | Killed Natasha
  2350 | D:3      | Noticed Natasha
  2411 | D:3      | Reached XP level 5. HP: 28/38 MP: 5/5
  2420 | D:3      | Killed Natasha
  2624 | D:3      | Noticed Natasha
  2634 | D:3      | Killed Natasha
  3046 | D:4      | Noticed an ogre
  3067 | D:4      | Reached skill level 5 in Short Blades
  3067 | D:4      | Reached skill level 5 in Stealth
  3076 | D:4      | Killed an ogre
  3076 | D:4      | Reached XP level 6. HP: 13/46 MP: 6/6
  3845 | D:4      | Learned a level 5 spell: Silence
  3861 | D:4      | Noticed a sky beast
  3871 | D:4      | Killed a sky beast
  3871 | D:4      | Reached skill level 1 in Hexes
  3871 | D:4      | Reached XP level 7. HP: 28/51 MP: 7/7
  4391 | D:4      | Found Zeaphe's Distillery.
  4405 | D:4      | Bought a potion of mutation for 25 gold pieces
  4405 | D:4      | Bought a potion of resistance for 100 gold pieces
  4405 | D:4      | Bought a potion of might for 40 gold pieces
  4405 | D:4      | Bought a potion of ambrosia for 80 gold pieces
  4405 | D:4      | Bought a potion of berserk rage for 50 gold pieces
  4598 | D:4      | Found a staircase to the Ecumenical Temple.
  4607 | Temple   | Entered the Ecumenical Temple
  4694 | Temple   | Became a worshipper of Ashenzari the Shackled
  4738 | D:5      | Entered Level 5 of the Dungeon
  4882 | D:5      | HP: 2/52 [orc priest/divine providence (11)]
  4888 | D:5      | HP: 1/52 [orc wizard/dagger (1)]
  4892 | D:5      | Killed from afar by an orc wizard

Vault maps used:
D:1:      arrival_aquarium_a
D:2:      roderic_lattice_a
D:3:      dk_noncrumbling_4, lightli_corner_chamber, uniq_natasha
D:4:      lemuel_temple_firewalk_marked, serial_shops, shop
D:5:      lemuel_doored_altar, slow_altar_1, first_bread
Temple:   grunt_circular_temple_18

Skill      XL: |  1  2  3  4  5  6  7 |
---------------+----------------------+-----
Stealth        | 1 2 3 4 5 6 |  6.8
Short Blades   | 4 5 6 |  6.1
Fighting       | 2 3 |  3.2
Dodging        | 4 |  4.8
Throwing       | 2 |  2.9
Hexes          | 1 2 |  2.3

Action                   |  1- 3 |  4- 6 |  7- 9 || total
-------------------------+-------+-------+-------++-------
Melee: Rapier            |   133 |   144 |    75 ||   352
       Bite              |     9 |    18 |     9 ||    36
       Dagger            |       |     8 |       ||     8
Throw: Throwing net      |       |    10 |       ||    10
 Abil: End Transformatio |       |     1 |       ||     1
       Bat Form          |       |     1 |       ||     1
  Use: Potion            |       |     4 |     2 ||     6
       Scroll            |       |     9 |     1 ||    10
 Stab: Sleeping          |     4 |     3 |     6 ||    13
       Distracted        |     1 |       |       ||     1
       Held in net/web   |       |     6 |       ||     6
Armor: Leather armour    |    35 |    23 |    21 ||    79
Dodge: Dodged            |    78 |    71 |    42 ||   191
